Stars vs Avalanche (R1)

Created - May 13, 2019 at 19:00

Goals
1 2 3 T
Stars 0 2 0 2
Avalanche 1 1 1 3
Shots
1 2 3 T
Stars 7 12 7 26
Avalanche 11 17 13 41

1st period

1. Avalanche , Damien Brunner 1 (Maxim Talbot 1, Andrew Ladd 1) at 10:24

Penalties :
Jack Johnson (Col) for Tripping (Minor) at 10:47, Paul Stastny (Col) for Hooking (Minor) at 15:10

2nd period

2. Avalanche , Paul Stastny 1 (Pernell Karl Subban 1, Chuck Kobasew 1) at 9:21
3. Stars , Dustin Penner 1 (Brian Lee 1, Brian Flynn 1) at 14:08
4. Stars , Guillaume Latendresse 1 (Michael Grabner 1, Antoine Vermette 1) at 19:47 (PP)

Penalties :
Bryan Little (Col) for Hooking (Minor) at 0:21, Johnny Boychuk (Col) for Holding (Minor) at 11:54, Maxim Talbot (Col) for Tripping (Minor) at 19:41

3rd period

5. Avalanche , Mikkel Boedker 1 (Patric Hornqvist 1) at 1:05

Penalties :
Michael Grabner (Dal) for Tripping (Minor) at 2:51, Andrei Kostitsyn (Col) for Hooking (Minor) at 9:25, Evgeny Grachev (Dal) for Tripping (Minor) at 13:25

Goalie Stats

Brian Elliott (Dal), 38 saves from 41 shots - (0.927), L, 0-1-0, 59:37 minutes
Semyon Varlamov (Col), 24 saves from 26 shots - (0.923), W, 1-0-0, 60:00 minutes

Players Stats for Stars

Player Name              G  A  P  +/- PIM S  H  SB GA TA FO     MP     PP MP  PK MP  
------------------------------------------------------------------------------------
Alex Chiasson            0  0  0  -1  0   1  1  0  0  0  1/2    11:57   0:00   0:00 
Antoine Vermette         0  1  1  -1  0   3  2  2  1  0  20/33  22:26   5:49   1:08 
B.J. Crombeen            0  0  0  -1  0   2  3  0  1  0  0/1    15:43   4:12   0:00 
Boris Valabik            0  0  0  -3  0   0  0  0  0  1  0/0    21:16   3:20   1:49 
Brian Flynn              0  1  1   1  0   2  1  0  0  1  2/2     7:39   0:00   0:15 
Brian Lee                0  1  1  -3  0   0  1  1  0  1  0/0    21:16   3:20   1:49 
Cory Emmerton            0  0  0  -1  0   1  0  0  0  0  3/9    15:43   4:12   0:00 
Drew Fata                0  0  0   0  0   0  2  2  0  1  0/0    28:02   6:41   2:09 
Dustin Penner            1  0  1   1  0   2  0  0  1  0  0/0     8:29   0:00   1:02 
Evgeny Artyukhin         0  0  0   1  0   1  0  0  0  0  0/0     7:20   0:00   0:00 
Evgeny Grachev           0  0  0  -1  2   0  1  1  1  0  0/4    12:14   0:00   0:37 
Guillaume Latendresse    1  0  1  -1  0   2  1  0  1  0  1/2    23:19   5:49   1:58 
Ian White                0  0  0   0  0   1  4  3  2  1  0/0    28:02   6:41   2:09 
Johnny Oduya             0  0  0   1  0   2  0  1  0  0  0/0    10:42   0:00   0:00 
Jussi Jokinen            0  0  0  -1  0   2  2  1  0  0  0/0    17:20   4:12   2:00 
Michael Grabner          0  1  1  -1  2   6  2  0  0  0  1/2    21:20   5:49   0:00 
Niklas Hjalmarsson       0  0  0   1  0   0  0  0  0  0  0/0    10:42   0:00   0:00 
Patrick Sharp            0  0  0  -1  0   1  0  1  0  0  0/0    12:30   0:00   0:56 

Players Stats for Avalanche

Player Name              G  A  P  +/- PIM S  H  SB GA TA FO     MP     PP MP  PK MP  
------------------------------------------------------------------------------------
Alexander Radulov        0  0  0   1  0   1  1  0  1  0  1/1    13:49   1:56   0:00 
Andrei Kostitsyn         0  0  0   1  2   3  0  0  0  0  0/1    14:59   1:56   1:11 
Andrew Ladd              0  1  1   1  0   5  1  0  1  0  1/8    18:27   0:00   5:16 
Bryan Little             0  0  0   1  2   2  3  0  2  0  9/18   17:51   2:02   0:13 
Chuck Kobasew            0  1  1  -1  0   2  0  0  0  0  0/2    13:18   0:00   5:20 
Damien Brunner           1  0  1   0  0   6  1  0  0  0  0/0    13:51   0:00   1:56 
Dan Boyle                0  0  0   0  0   1  0  0  0  0  0/0    18:42   2:02   1:27 
Erik Karlsson            0  0  0   1  0   3  0  0  0  1  0/0    16:47   1:41   0:00 
Jack Johnson             0  0  0   1  2   0  2  1  0  1  0/0    21:51   1:41   3:03 
Johnny Boychuk           0  0  0   0  2   2  2  0  1  3  0/0    17:46   0:17   3:24 
Kyle Turris              0  0  0   0  0   1  0  0  0  0  3/4    10:03   0:00   3:23 
Marc Staal               0  0  0   0  0   0  2  2  0  2  0/0    22:36   0:00   5:47 
Maxim Talbot             0  1  1   1  2   4  1  0  0  0  5/7    11:39   0:00   0:00 
Mikkel Boedker           1  0  1   1  0   6  4  1  0  0  0/0    16:28   2:02   0:00 
Patric Hornqvist         0  1  1   1  0   1  0  0  0  0  1/2    16:28   2:02   0:00 
Paul Stastny             1  0  1   1  2   1  1  0  0  0  7/11   16:17   1:56   2:25 
Pernell Karl Subban      0  1  1   1  0   2  1  4  0  0  0/0    22:31   2:15   6:21 
Ville Leino              0  0  0   0  0   1  0  0  0  0  0/1     6:30   0:00   0:18 

3 Stars

1 - Mikkel Boedker (Col)
2 - Damien Brunner (Col)
3 - Pernell Karl Subban (Col)

Power Play

Stars - 1 on 6 Attempt(s) - 16.67%
Avalanche - 0 on 2 Attempt(s) - 0.00%

Penalty Kill

Stars - 2 on 2 Attempt(s) - 100.00% - Score 0 goal in Penalty Kill
Avalanche - 5 on 6 Attempt(s) - 83.33% - Score 0 goal in Penalty Kill

Team Stat

Stars - Hits : 20 - Faceoff Wins : 28 - Blocked Shots : 12 - Penalty Minutes : 4
Avalanche - Hits : 19 - Faceoff Wins : 27 - Blocked Shots : 8 - Penalty Minutes : 12

Official

Referees : Unknown
Linesman : Unknown

Game Notes

No Game Note

Finance

Level 1 -- Attendance: 6000 (100.00%) -- Ticket Income $534,000
Level 2 -- Attendance: 4986 (99.72%) -- Ticket Income $274,230
Level 3 -- Attendance: 2000 (100.00%) -- Ticket Income $66,000
Level 4 -- Attendance: 4000 (100.00%) -- Ticket Income $92,000
Luxury Box -- Attendance: 939 (93.90%) -- Ticket Income $161,508
Game was played at the Pepsi Center.
Total Attendance: 17925 (99.58%)
Total Ticket Income: $1,127,738
Other Income: $169,161
Total Income: $1,296,899

Stars

5 vs 5 Forward 
   Center                   Left Wing                Right Wing               Time % Phy DF OF 
 1 Antoine Vermette         Guillaume Latendresse    Michael Grabner          40     1   2  2  
 2 Cory Emmerton            Jussi Jokinen            B.J. Crombeen            30     1   2  2  
 3 Evgeny Grachev           Patrick Sharp            Alex Chiasson            20     1   2  2  
 4 Brian Flynn              Dustin Penner            Evgeny Artyukhin         10     1   2  2  

5 vs 5 Defense 
   Defense                  Defense                                           Time % Phy DF OF 
 1 Drew Fata                Ian White                                         40     1   2  2  
 2 Brian Lee                Boris Valabik                                     30     1   2  2  
 3 Johnny Oduya             Niklas Hjalmarsson                                20     1   2  2  
 4 Drew Fata                Ian White                                         10     1   2  2  

PowerPlay Forward 
   Center                   Left Wing                Right Wing               Time % Phy DF OF 
 1 Antoine Vermette         Guillaume Latendresse    Michael Grabner          60     0   2  3  
 2 Cory Emmerton            Jussi Jokinen            B.J. Crombeen            40     0   2  3  

PowerPlay Defense
   Defense                  Defense                                           Time % Phy DF OF 
 1 Drew Fata                Ian White                                         60     0   2  3  
 2 Brian Lee                Boris Valabik                                     40     0   2  3  

Penalty Kill 4 Players Forward 
   Center                   Wing                     Time % Phy DF OF 
 1 Guillaume Latendresse    Jussi Jokinen            60     0   2  3  
 2 Antoine Vermette         Patrick Sharp            40     0   2  3  

Penalty Kill 4 Players Defense
   Defense                  Defense                  Time % Phy DF OF 
 1 Drew Fata                Ian White                60     0   2  3  
 2 Brian Lee                Boris Valabik            40     0   2  3  

Penalty Kill - 3 Players Forward 
   Forward                                           Time % Phy DF OF 
 1 Guillaume Latendresse                             60     0   2  3  
 2 Jussi Jokinen                                     40     0   2  3  

Penalty Kill - 3 Players Defense
   Defense                  Defense                  Time % Phy DF OF 
 1 Drew Fata                Ian White                60     0   2  3  
 2 Brian Lee                Boris Valabik            40     0   2  3  

4 vs 4 Forward 
   Center                   Wing                     Time % Phy DF OF 
 1 Guillaume Latendresse    Jussi Jokinen            60     1   2  2  
 2 Antoine Vermette         Patrick Sharp            40     1   2  2  

4 vs 4 Defense
   Defense                  Defense                  Time % Phy DF OF 
 1 Drew Fata                Ian White                60     1   2  2  
 2 Brian Lee                Boris Valabik            40     1   2  2  

Last Minutes Offensive
   Center                   Left Wing                Right Wing               Defense                  Defense                  
   Antoine Vermette         Guillaume Latendresse    Michael Grabner          Drew Fata                Ian White                

Last Minutes Defensive
   Center                   Left Wing                Right Wing               Defense                  Defense                  
   Antoine Vermette         Guillaume Latendresse    Michael Grabner          Drew Fata                Ian White                

Goaltenders
Starting : Brian Elliott            
Backup : Jhonas Enroth            

Extra Forwards
Normal : Alex Chiasson, Evgeny Artyukhin, Evgeny Grachev - PP : Alex Chiasson, Evgeny Artyukhin - PK : Evgeny Grachev
Extra Defensemen
Normal : Johnny Oduya, Niklas Hjalmarsson, Brian Lee - PP : Johnny Oduya - PK : Niklas Hjalmarsson, Brian Lee
Penalty Shots
Guillaume Latendresse, Jussi Jokinen, Antoine Vermette, Patrick Sharp, Michael Grabner

Scratches
John Tavares (Suspend)

Avalanche

5 vs 5 Forward 
   Center                   Left Wing                Right Wing               Time % Phy DF OF 
 1 Bryan Little             Mikkel Boedker           Patric Hornqvist         35     1   2  2  
 2 Paul Stastny             Andrei Kostitsyn         Alexander Radulov        30     1   2  2  
 3 Maxim Talbot             Andrew Ladd              Damien Brunner           25     1   2  2  
 4 Kyle Turris              Ville Leino              Chuck Kobasew            10     1   2  2  

5 vs 5 Defense 
   Defense                  Defense                                           Time % Phy DF OF 
 1 Erik Karlsson            Jack Johnson                                      35     1   2  2  
 2 Marc Staal               Pernell Karl Subban                               35     1   2  2  
 3 Johnny Boychuk           Dan Boyle                                         30     1   2  2  
 4 Marc Staal               Dan Boyle                                         0      1   2  2  

PowerPlay Forward 
   Center                   Left Wing                Right Wing               Time % Phy DF OF 
 1 Bryan Little             Mikkel Boedker           Patric Hornqvist         60     1   2  2  
 2 Paul Stastny             Andrei Kostitsyn         Alexander Radulov        40     1   2  2  

PowerPlay Defense
   Defense                  Defense                                           Time % Phy DF OF 
 1 Erik Karlsson            Jack Johnson                                      60     1   2  2  
 2 Pernell Karl Subban      Dan Boyle                                         40     1   2  2  

Penalty Kill 4 Players Forward 
   Center                   Wing                     Time % Phy DF OF 
 1 Andrew Ladd              Chuck Kobasew            60     1   2  2  
 2 Paul Stastny             Kyle Turris              40     1   2  2  

Penalty Kill 4 Players Defense
   Defense                  Defense                  Time % Phy DF OF 
 1 Pernell Karl Subban      Marc Staal               60     1   2  2  
 2 Jack Johnson             Johnny Boychuk           40     1   2  2  

Penalty Kill - 3 Players Forward 
   Forward                                           Time % Phy DF OF 
 1 Chuck Kobasew                                     60     1   2  2  
 2 Andrew Ladd                                       40     1   2  2  

Penalty Kill - 3 Players Defense
   Defense                  Defense                  Time % Phy DF OF 
 1 Marc Staal               Pernell Karl Subban      60     1   2  2  
 2 Jack Johnson             Johnny Boychuk           40     1   2  2  

4 vs 4 Forward 
   Center                   Wing                     Time % Phy DF OF 
 1 Paul Stastny             Mikkel Boedker           60     1   2  2  
 2 Bryan Little             Andrei Kostitsyn         40     1   2  2  

4 vs 4 Defense
   Defense                  Defense                  Time % Phy DF OF 
 1 Marc Staal               Pernell Karl Subban      60     1   2  2  
 2 Jack Johnson             Erik Karlsson            40     1   2  2  

Last Minutes Offensive
   Center                   Left Wing                Right Wing               Defense                  Defense                  
   Bryan Little             Mikkel Boedker           Alexander Radulov        Erik Karlsson            Jack Johnson             

Last Minutes Defensive
   Center                   Left Wing                Right Wing               Defense                  Defense                  
   Bryan Little             Andrew Ladd              Chuck Kobasew            Marc Staal               Jack Johnson             

Goaltenders
Starting : Semyon Varlamov          
Backup : Roberto Luongo           

Extra Forwards
Normal : Andrew Ladd, Alexander Radulov, Andrei Kostitsyn - PP : Andrew Ladd, Alexander Radulov - PK : Damien Brunner
Extra Defensemen
Normal : Marc Staal, Erik Karlsson, Pernell Karl Subban - PP : Pernell Karl Subban - PK : Jack Johnson, Pernell Karl Subban
Penalty Shots
Mikkel Boedker, Andrew Ladd, Paul Stastny, Bryan Little, Andrei Kostitsyn

Scratches
Mattias Ekholm (Healthy)

% Time on Ice - Stars

Lines # - Real PCT - Wanted PCT - Time Play
Normal Forward
1 - 32% - 40% - 14:28
2 - 26% - 30% - 11:31
3 - 26% - 20% - 11:34
4 - 16% - 10% - 7:20
Normal Defense
1 - 40% - 40% - 18:03
2 - 35% - 30% - 15:43
3 - 24% - 20% - 10:42
4 - 1% - 10% - 0:25
PP Forward
1 - 58% - 60% - 5:49
2 - 42% - 40% - 4:12
PP Defense
1 - 67% - 60% - 6:41
2 - 33% - 40% - 3:20
PK Forward
1 - 76% - 60% - 3:02
2 - 24% - 40% - 0:56
PK Defense
1 - 54% - 60% - 2:09
2 - 46% - 40% - 1:49
PK3 Forward
1 - 0% - 60%
2 - 0% - 40%
PK3 Defense
1 - 0% - 60%
2 - 0% - 40%
44 Forward
1 - 0% - 60%
2 - 0% - 40%
44 Defense
1 - 0% - 60%
2 - 0% - 40%
Last Minute Offensive  - 1:08
Last Minute Defensive  - 0:00
Total
Forward - 60:00
Defense - 60:00

% Time on Ice - Avalanche

Lines # - Real PCT - Wanted PCT - Time Play
Normal Forward
1 - 33% - 35% - 14:41
2 - 28% - 30% - 12:21
3 - 26% - 25% - 11:40
4 - 14% - 10% - 6:12
Normal Defense
1 - 35% - 35% - 15:50
2 - 33% - 35% - 14:58
3 - 28% - 30% - 12:25
4 - 4% - 0% - 1:41
PP Forward
1 - 51% - 60% - 2:02
2 - 49% - 40% - 1:56
PP Defense
1 - 43% - 60% - 1:43
2 - 57% - 40% - 2:15
PK Forward
1 - 68% - 60% - 6:49
2 - 32% - 40% - 3:12
PK Defense
1 - 53% - 60% - 5:18
2 - 47% - 40% - 4:43
PK3 Forward
1 - 0% - 60%
2 - 0% - 40%
PK3 Defense
1 - 0% - 60%
2 - 0% - 40%
44 Forward
1 - 0% - 60%
2 - 0% - 40%
44 Defense
1 - 0% - 60%
2 - 0% - 40%
Last Minute Offensive  - 0:00
Last Minute Defensive  - 1:07
Total
Forward - 60:00
Defense - 60:00

Play-by-Play

1st period


0:01 of 1st period - Bryan Little wins face-off versus Antoine Vermette in neutral zone.
0:26 of 1st period - Alexander Radulov is hit by B.J. Crombeen and loses puck.
1:16 of 1st period - Snap shot by Kyle Turris.
1:16 of 1st period - Shot Blocked by Johnny Oduya.
1:34 of 1st period - Slapshot by Erik Karlsson.
1:34 of 1st period - Stopped by Brian Elliott without a rebound.
1:35 of 1st period - Antoine Vermette wins face-off versus Bryan Little in Stars zone.
2:31 of 1st period - Snap shot by Maxim Talbot.
2:31 of 1st period - Stopped by Brian Elliott without a rebound.
2:32 of 1st period - Bryan Little wins face-off versus Antoine Vermette in Stars zone.
2:33 of 1st period - Snap shot by Mikkel Boedker.
2:33 of 1st period - Stopped by Brian Elliott without a rebound.
2:34 of 1st period - Antoine Vermette wins face-off versus Bryan Little in Stars zone.
2:34 of 1st period - Antoine Vermette is hit by Marc Staal.
3:02 of 1st period - Snap shot by Jussi Jokinen.
3:02 of 1st period - Stopped by Semyon Varlamov with a rebound.
3:04 of 1st period - Slapshot by Johnny Oduya.
3:04 of 1st period - Deflect By B.J. Crombeen.
3:04 of 1st period - Stopped by Semyon Varlamov without a rebound.
3:05 of 1st period - Cory Emmerton wins face-off versus Maxim Talbot in Avalanche zone.
3:14 of 1st period - Wrist shot by Cory Emmerton.
3:14 of 1st period - Stopped by Semyon Varlamov with a rebound.
3:16 of 1st period - Snap shot by Jussi Jokinen.
3:16 of 1st period - Stopped by Semyon Varlamov with a rebound.
3:52 of 1st period - Icing by Paul Stastny.
3:53 of 1st period - Bryan Little wins face-off versus Evgeny Grachev in Avalanche zone.
3:58 of 1st period - Slapshot by Patric Hornqvist.
3:58 of 1st period - Stopped by Brian Elliott without a rebound.
3:59 of 1st period - Brian Flynn wins face-off versus Kyle Turris in Stars zone.
4:57 of 1st period - Wrist shot by Guillaume Latendresse.
4:57 of 1st period - Shot Blocked by Marc Staal.
5:35 of 1st period - Slapshot by Dustin Penner.
5:35 of 1st period - Stopped by Semyon Varlamov without a rebound.
5:36 of 1st period - Antoine Vermette wins face-off versus Bryan Little in Avalanche zone.
5:41 of 1st period - Snap shot by Guillaume Latendresse.
5:41 of 1st period - Shot Blocked by Jack Johnson.
6:03 of 1st period - Erik Karlsson is hit by Ian White.
6:27 of 1st period - Snap shot by Maxim Talbot.
6:27 of 1st period - Shot Misses the Net.
6:39 of 1st period - Jack Johnson is hit by B.J. Crombeen and loses puck.
6:54 of 1st period - Snap shot by Ville Leino.
6:54 of 1st period - Stopped by Brian Elliott with a rebound.
7:10 of 1st period - Mikkel Boedker is hit by Brian Flynn and loses puck.
7:31 of 1st period - Niklas Hjalmarsson is hit by Johnny Boychuk and loses puck.
7:38 of 1st period - Wrist shot by Alexander Radulov.
7:38 of 1st period - Stopped by Brian Elliott with a rebound.
7:56 of 1st period - Wrist shot by Cory Emmerton.
7:56 of 1st period - Shot Misses the Net.
8:14 of 1st period - Wrist shot by Jussi Jokinen.
8:14 of 1st period - Shot Misses the Net.
8:49 of 1st period - Icing by Patric Hornqvist.
8:50 of 1st period - Alexander Radulov wins face-off versus Alex Chiasson in Avalanche zone.
9:07 of 1st period - Alexander Radulov is hit by Ian White and loses puck.
9:18 of 1st period - Snap shot by Alexander Radulov.
9:18 of 1st period - Shot Misses the Net.
9:42 of 1st period - Snap shot by Maxim Talbot.
9:42 of 1st period - Stopped by Brian Elliott without a rebound.
9:43 of 1st period - Maxim Talbot wins face-off versus Cory Emmerton in Stars zone.
9:50 of 1st period - Snap shot by Andrew Ladd.
9:50 of 1st period - Shot Misses the Net.
9:52 of 1st period - Slapshot by Andrew Ladd.
9:52 of 1st period - Stopped by Brian Elliott with a rebound.
10:24 of 1st period - Wrist shot by Damien Brunner.
10:24 of 1st period - Goal by Damien Brunner - Stars : 0 - Avalanche : 1.
10:25 of 1st period - Bryan Little wins face-off versus Antoine Vermette in neutral zone.
10:47 of 1st period - Minor Penalty to Jack Johnson for Tripping.
10:48 of 1st period - Antoine Vermette wins face-off versus Andrew Ladd in Avalanche zone.
12:47 of 1st period - Penalty to Jack Johnson is over, Jack Johnson is back on ice.
12:50 of 1st period - Icing by Brian Lee.
12:51 of 1st period - Bryan Little wins face-off versus Cory Emmerton in Stars zone.
12:52 of 1st period - Wrist shot by Mikkel Boedker.
12:52 of 1st period - Shot Blocked by Brian Lee.
13:00 of 1st period - Wrist shot by Bryan Little.
13:00 of 1st period - Shot Blocked by Evgeny Grachev.
13:34 of 1st period - Wrist shot by Brian Flynn.
13:34 of 1st period - Stopped by Semyon Varlamov with a rebound.
13:58 of 1st period - Slapshot by Jack Johnson.
13:58 of 1st period - Shot Blocked by Drew Fata.
14:09 of 1st period - Slapshot by Kyle Turris.
14:09 of 1st period - Shot Blocked by Ian White.
14:11 of 1st period - Slapshot by Jack Johnson.
14:11 of 1st period - Shot Misses the Net.
14:27 of 1st period - Snap shot by Cory Emmerton.
14:27 of 1st period - Shot Misses the Net.
14:29 of 1st period - Snap shot by Cory Emmerton.
14:29 of 1st period - Deflect By B.J. Crombeen.
14:29 of 1st period - Shot Blocked by Mikkel Boedker.
14:29 of 1st period - Puck is out of play.
14:30 of 1st period - Antoine Vermette wins face-off versus Andrei Kostitsyn in Avalanche zone.
14:37 of 1st period - Snap shot by Michael Grabner.
14:37 of 1st period - Stopped by Semyon Varlamov without a rebound.
14:38 of 1st period - Paul Stastny wins face-off versus Antoine Vermette in Avalanche zone.
14:47 of 1st period - Wrist shot by Andrei Kostitsyn.
14:47 of 1st period - Stopped by Brian Elliott without a rebound.
14:48 of 1st period - Antoine Vermette wins face-off versus Paul Stastny in Stars zone.
14:48 of 1st period - Antoine Vermette is hit by Alexander Radulov.
14:58 of 1st period - Slapshot by Guillaume Latendresse.
14:58 of 1st period - Shot Misses the Net.
15:00 of 1st period - Snap shot by Michael Grabner.
15:00 of 1st period - Shot Blocked by Pernell Karl Subban.
15:02 of 1st period - Snap shot by Guillaume Latendresse.
15:02 of 1st period - Shot Blocked by Marc Staal.
15:04 of 1st period - Slapshot by Drew Fata.
15:04 of 1st period - Shot Misses the Net.
15:10 of 1st period - Minor Penalty to Paul Stastny for Hooking.
15:11 of 1st period - Andrew Ladd wins face-off versus Antoine Vermette in Avalanche zone.
15:26 of 1st period - Slapshot by Michael Grabner.
15:26 of 1st period - Shot Misses the Net.
15:50 of 1st period - Kyle Turris is hit by Michael Grabner and loses puck.
17:05 of 1st period - Johnny Boychuk is hit by B.J. Crombeen and loses puck.
17:10 of 1st period - Penalty to Paul Stastny is over, Paul Stastny is back on ice.
18:26 of 1st period - Marc Staal is hit by Brian Lee and loses puck.
18:47 of 1st period - Slapshot by Andrew Ladd.
18:47 of 1st period - Stopped by Brian Elliott with a rebound.
Goals for this period are 0 for Stars vs 1 for Avalanche.
Shots for this period are 7 for Stars vs 11 for Avalanche.

2nd period


0:01 of 2nd period - Bryan Little wins face-off versus Antoine Vermette in neutral zone.
0:10 of 2nd period - Bryan Little is hit by Guillaume Latendresse and loses puck.
0:21 of 2nd period - Minor Penalty to Bryan Little for Hooking.
0:22 of 2nd period - Antoine Vermette wins face-off versus Andrew Ladd in Avalanche zone.
2:21 of 2nd period - Penalty to Bryan Little is over, Bryan Little is back on ice.
2:34 of 2nd period - Johnny Oduya is hit by Bryan Little and loses puck.
2:51 of 2nd period - Snap shot by Evgeny Artyukhin.
2:51 of 2nd period - Stopped by Semyon Varlamov with a rebound.
2:53 of 2nd period - Wrist shot by Brian Flynn.
2:53 of 2nd period - Stopped by Semyon Varlamov with a rebound.
4:04 of 2nd period - Snap shot by Damien Brunner.
4:04 of 2nd period - Stopped by Brian Elliott with a rebound.
4:06 of 2nd period - Wrist shot by Maxim Talbot.
4:06 of 2nd period - Stopped by Brian Elliott with a rebound.
4:08 of 2nd period - Wrist shot by Damien Brunner.
4:08 of 2nd period - Shot Misses the Net.
4:24 of 2nd period - Snap shot by Ville Leino.
4:24 of 2nd period - Shot Misses the Net.
4:26 of 2nd period - Wrist shot by Chuck Kobasew.
4:26 of 2nd period - Stopped by Brian Elliott with a rebound.
4:28 of 2nd period - Wrist shot by Kyle Turris.
4:28 of 2nd period - Stopped by Brian Elliott with a rebound.
4:46 of 2nd period - Patric Hornqvist is hit by Michael Grabner and loses puck.
5:34 of 2nd period - Snap shot by Maxim Talbot.
5:34 of 2nd period - Stopped by Brian Elliott without a rebound.
5:35 of 2nd period - Antoine Vermette wins face-off versus Bryan Little in Stars zone.
6:00 of 2nd period - Bryan Little is hit by Evgeny Grachev.
6:06 of 2nd period - Wrist shot by Bryan Little.
6:06 of 2nd period - Stopped by Brian Elliott with a rebound.
6:08 of 2nd period - Backhand shot by Erik Karlsson.
6:08 of 2nd period - Stopped by Brian Elliott with a rebound.
6:26 of 2nd period - Slapshot by Bryan Little.
6:26 of 2nd period - Shot Blocked by Jussi Jokinen.
7:09 of 2nd period - Wrist shot by Mikkel Boedker.
7:09 of 2nd period - Stopped by Brian Elliott without a rebound.
7:10 of 2nd period - Paul Stastny wins face-off versus Antoine Vermette in Stars zone.
7:11 of 2nd period - Wrist shot by Andrei Kostitsyn.
7:11 of 2nd period - Shot Blocked by Antoine Vermette.
7:42 of 2nd period - Snap shot by Evgeny Grachev.
7:42 of 2nd period - Shot Misses the Net.
7:44 of 2nd period - Snap shot by Alex Chiasson.
7:44 of 2nd period - Stopped by Semyon Varlamov with a rebound.
7:46 of 2nd period - Wrist shot by Patrick Sharp.
7:46 of 2nd period - Stopped by Semyon Varlamov with a rebound.
7:48 of 2nd period - Slapshot by Johnny Oduya.
7:48 of 2nd period - Stopped by Semyon Varlamov without a rebound.
7:49 of 2nd period - Kyle Turris wins face-off versus Evgeny Grachev in Avalanche zone.
7:49 of 2nd period - Kyle Turris is hit by Alex Chiasson.
8:15 of 2nd period - Ian White is hit by Paul Stastny and loses puck.
8:58 of 2nd period - Wrist shot by Pernell Karl Subban.
8:58 of 2nd period - Stopped by Brian Elliott with a rebound.
9:21 of 2nd period - Snap shot by Paul Stastny.
9:21 of 2nd period - Goal by Paul Stastny - Stars : 0 - Avalanche : 2.
9:22 of 2nd period - Antoine Vermette wins face-off versus Bryan Little in neutral zone.
9:33 of 2nd period - Wrist shot by Bryan Little.
9:33 of 2nd period - Shot Misses the Net.
9:51 of 2nd period - Snap shot by Alexander Radulov.
9:51 of 2nd period - Shot Misses the Net.
9:53 of 2nd period - Wrist shot by Andrei Kostitsyn.
9:53 of 2nd period - Shot Misses the Net.
9:59 of 2nd period - Snap shot by Paul Stastny.
9:59 of 2nd period - Shot Blocked by Drew Fata.
10:40 of 2nd period - Wrist shot by Brian Flynn.
10:40 of 2nd period - Shot Blocked by Pernell Karl Subban.
10:52 of 2nd period - Pernell Karl Subban is hit by Antoine Vermette and loses puck.
10:59 of 2nd period - Backhand shot by Antoine Vermette.
10:59 of 2nd period - Shot Blocked by Pernell Karl Subban.
11:30 of 2nd period - Snap shot by Erik Karlsson.
11:30 of 2nd period - Stopped by Brian Elliott without a rebound.
11:31 of 2nd period - Paul Stastny wins face-off versus Evgeny Grachev in Stars zone.
11:32 of 2nd period - Wrist shot by Andrei Kostitsyn.
11:32 of 2nd period - Stopped by Brian Elliott without a rebound.
11:33 of 2nd period - Paul Stastny wins face-off versus Michael Grabner in Stars zone.
11:46 of 2nd period - Slapshot by Michael Grabner.
11:46 of 2nd period - Stopped by Semyon Varlamov with a rebound.
11:48 of 2nd period - Slapshot by Guillaume Latendresse.
11:48 of 2nd period - Shot Misses the Net.
11:54 of 2nd period - Minor Penalty to Johnny Boychuk for Holding.
11:55 of 2nd period - Antoine Vermette wins face-off versus Andrew Ladd in Avalanche zone.
12:07 of 2nd period - Snap shot by Michael Grabner.
12:07 of 2nd period - Stopped by Semyon Varlamov with a rebound.
12:09 of 2nd period - Snap shot by Michael Grabner.
12:09 of 2nd period - Shot Blocked by Pernell Karl Subban.
12:11 of 2nd period - Slapshot by Ian White.
12:11 of 2nd period - Stopped by Semyon Varlamov without a rebound.
12:12 of 2nd period - Antoine Vermette wins face-off versus Andrew Ladd in Avalanche zone.
12:19 of 2nd period - Wrist shot by Antoine Vermette.
12:19 of 2nd period - Shot Misses the Net.
13:13 of 2nd period - B.J. Crombeen is hit by Jack Johnson and loses puck.
13:54 of 2nd period - Penalty to Johnny Boychuk is over, Johnny Boychuk is back on ice.
14:08 of 2nd period - Snap shot by Dustin Penner.
14:08 of 2nd period - Goal by Dustin Penner - Stars : 1 - Avalanche : 2.
14:09 of 2nd period - Maxim Talbot wins face-off versus B.J. Crombeen in neutral zone.
14:12 of 2nd period - Snap shot by Jack Johnson.
14:12 of 2nd period - Shot Misses the Net.
14:14 of 2nd period - Snap shot by Damien Brunner.
14:14 of 2nd period - Stopped by Brian Elliott with a rebound.
14:16 of 2nd period - Wrist shot by Andrew Ladd.
14:16 of 2nd period - Shot Misses the Net.
14:24 of 2nd period - Erik Karlsson is hit by Jussi Jokinen and loses puck.
15:46 of 2nd period - Slapshot by Antoine Vermette.
15:46 of 2nd period - Stopped by Semyon Varlamov without a rebound.
15:47 of 2nd period - Bryan Little wins face-off versus Antoine Vermette in Avalanche zone.
15:54 of 2nd period - Dan Boyle is hit by Antoine Vermette and loses puck.
16:10 of 2nd period - Guillaume Latendresse is hit by Mikkel Boedker.
16:24 of 2nd period - Slapshot by Damien Brunner.
16:24 of 2nd period - Stopped by Brian Elliott with a rebound.
16:26 of 2nd period - Slapshot by Johnny Boychuk.
16:26 of 2nd period - Stopped by Brian Elliott without a rebound.
16:27 of 2nd period - Paul Stastny wins face-off versus Cory Emmerton in Stars zone.
18:19 of 2nd period - Snap shot by Guillaume Latendresse.
18:19 of 2nd period - Stopped by Semyon Varlamov without a rebound.
18:20 of 2nd period - Maxim Talbot wins face-off versus Antoine Vermette in Avalanche zone.
18:35 of 2nd period - Snap shot by Andrew Ladd.
18:35 of 2nd period - Stopped by Brian Elliott without a rebound.
18:36 of 2nd period - Paul Stastny wins face-off versus Cory Emmerton in Stars zone.
19:03 of 2nd period - Patric Hornqvist is hit by Drew Fata.
19:27 of 2nd period - Slapshot by Jack Johnson.
19:27 of 2nd period - Deflect By Damien Brunner.
19:27 of 2nd period - Stopped by Brian Elliott with a rebound.
19:41 of 2nd period - Minor Penalty to Maxim Talbot for Tripping.
19:42 of 2nd period - Antoine Vermette wins face-off versus Andrew Ladd in Avalanche zone.
19:47 of 2nd period - Snap shot by Guillaume Latendresse.
19:47 of 2nd period - Goal by Guillaume Latendresse - Stars : 2 - Avalanche : 2.
19:48 of 2nd period - Antoine Vermette wins face-off versus Patric Hornqvist in neutral zone.
Goals for this period are 2 for Stars vs 1 for Avalanche.
Shots for this period are 12 for Stars vs 17 for Avalanche.

3rd period


0:01 of 3rd period - Paul Stastny wins face-off versus Antoine Vermette in neutral zone.
0:11 of 3rd period - Snap shot by Guillaume Latendresse.
0:11 of 3rd period - Shot Misses the Net.
0:51 of 3rd period - Ian White is hit by Johnny Boychuk.
1:05 of 3rd period - Snap shot by Mikkel Boedker.
1:05 of 3rd period - Goal by Mikkel Boedker - Stars : 2 - Avalanche : 3.
1:06 of 3rd period - Antoine Vermette wins face-off versus Paul Stastny in neutral zone.
1:19 of 3rd period - Snap shot by Michael Grabner.
1:19 of 3rd period - Stopped by Semyon Varlamov with a rebound.
1:21 of 3rd period - Slapshot by Brian Lee.
1:21 of 3rd period - Shot Misses the Net.
1:31 of 3rd period - Jussi Jokinen is hit by Mikkel Boedker and loses puck.
1:54 of 3rd period - Snap shot by Andrew Ladd.
1:54 of 3rd period - Deflect By Damien Brunner.
1:54 of 3rd period - Shot Misses the Net.
1:54 of 3rd period - Puck is out of play.
1:55 of 3rd period - Maxim Talbot wins face-off versus Evgeny Grachev in Stars zone.
2:36 of 3rd period - Snap shot by Jack Johnson.
2:36 of 3rd period - Shot Misses the Net.
2:42 of 3rd period - Wrist shot by Maxim Talbot.
2:42 of 3rd period - Shot Blocked by Patrick Sharp.
2:44 of 3rd period - Backhand shot by Dan Boyle.
2:44 of 3rd period - Stopped by Brian Elliott without a rebound.
2:45 of 3rd period - Bryan Little wins face-off versus Antoine Vermette in Stars zone.
2:46 of 3rd period - Wrist shot by Mikkel Boedker.
2:46 of 3rd period - Deflect By Antoine Vermette.
2:46 of 3rd period - Stopped by Brian Elliott with a rebound.
2:48 of 3rd period - Wrist shot by Johnny Boychuk.
2:48 of 3rd period - Deflect By Niklas Hjalmarsson.
2:48 of 3rd period - Stopped by Brian Elliott without a rebound.
2:49 of 3rd period - Antoine Vermette wins face-off versus Bryan Little in Stars zone.
2:51 of 3rd period - Minor Penalty to Michael Grabner for Tripping.
2:52 of 3rd period - Bryan Little wins face-off versus Guillaume Latendresse in Stars zone.
3:18 of 3rd period - Ian White is hit by Jack Johnson and loses puck.
3:23 of 3rd period - Snap shot by Andrei Kostitsyn.
3:23 of 3rd period - Shot Blocked by Ian White.
4:02 of 3rd period - Boris Valabik is hit by Mikkel Boedker and loses puck.
4:51 of 3rd period - Penalty to Michael Grabner is over, Michael Grabner is back on ice.
5:20 of 3rd period - Icing by Dan Boyle.
5:21 of 3rd period - Kyle Turris wins face-off versus Cory Emmerton in Avalanche zone.
5:21 of 3rd period - Kyle Turris is hit by Jussi Jokinen.
5:44 of 3rd period - Brian Lee is hit by Damien Brunner and loses puck.
5:49 of 3rd period - Snap shot by Andrew Ladd.
5:49 of 3rd period - Stopped by Brian Elliott without a rebound.
5:50 of 3rd period - Maxim Talbot wins face-off versus Antoine Vermette in Stars zone.
6:03 of 3rd period - Snap shot by Maxim Talbot.
6:03 of 3rd period - Shot Blocked by Ian White.
6:19 of 3rd period - Wrist shot by Maxim Talbot.
6:19 of 3rd period - Shot Blocked by Antoine Vermette.
6:31 of 3rd period - Snap shot by Damien Brunner.
6:31 of 3rd period - Stopped by Brian Elliott without a rebound.
6:32 of 3rd period - Patric Hornqvist wins face-off versus Cory Emmerton in Stars zone.
7:07 of 3rd period - Snap shot by Andrei Kostitsyn.
7:07 of 3rd period - Stopped by Brian Elliott without a rebound.
7:08 of 3rd period - Cory Emmerton wins face-off versus Bryan Little in Stars zone.
7:08 of 3rd period - Cory Emmerton is hit by Mikkel Boedker.
7:34 of 3rd period - Pernell Karl Subban is hit by Ian White and loses puck.
8:35 of 3rd period - Johnny Boychuk is hit by Ian White and loses puck.
8:53 of 3rd period - Icing by Johnny Boychuk.
8:54 of 3rd period - Antoine Vermette wins face-off versus Ville Leino in Avalanche zone.
9:06 of 3rd period - Off-side.
9:07 of 3rd period - Antoine Vermette wins face-off versus Paul Stastny in neutral zone.
9:10 of 3rd period - Slapshot by Johnny Oduya.
9:10 of 3rd period - Stopped by Semyon Varlamov with a rebound.
9:25 of 3rd period - Minor Penalty to Andrei Kostitsyn for Hooking.
9:26 of 3rd period - Antoine Vermette wins face-off versus Chuck Kobasew in Avalanche zone.
9:26 of 3rd period - Wrist shot by Michael Grabner.
9:26 of 3rd period - Stopped by Semyon Varlamov with a rebound.
9:28 of 3rd period - Snap shot by Antoine Vermette.
9:28 of 3rd period - Shot Misses the Net.
9:30 of 3rd period - Snap shot by Guillaume Latendresse.
9:30 of 3rd period - Shot Misses the Net.
9:32 of 3rd period - Wrist shot by Michael Grabner.
9:32 of 3rd period - Stopped by Semyon Varlamov without a rebound.
9:33 of 3rd period - Antoine Vermette wins face-off versus Andrew Ladd in Avalanche zone.
10:07 of 3rd period - Snap shot by Antoine Vermette.
10:07 of 3rd period - Stopped by Semyon Varlamov with a rebound.
10:09 of 3rd period - Snap shot by Antoine Vermette.
10:09 of 3rd period - Stopped by Semyon Varlamov without a rebound.
10:10 of 3rd period - Cory Emmerton wins face-off versus Andrew Ladd in Avalanche zone.
11:25 of 3rd period - Penalty to Andrei Kostitsyn is over, Andrei Kostitsyn is back on ice.
11:31 of 3rd period - Ian White is hit by Marc Staal and loses puck.
13:23 of 3rd period - Wrist shot by Mikkel Boedker.
13:23 of 3rd period - Stopped by Brian Elliott with a rebound.
13:25 of 3rd period - Minor Penalty to Evgeny Grachev for Tripping.
13:26 of 3rd period - Guillaume Latendresse wins face-off versus Bryan Little in Stars zone.
13:26 of 3rd period - Guillaume Latendresse is hit by Bryan Little.
13:42 of 3rd period - Snap shot by Mikkel Boedker.
13:42 of 3rd period - Stopped by Brian Elliott with a rebound.
14:11 of 3rd period - Ian White is hit by Pernell Karl Subban and loses puck.
14:18 of 3rd period - Pernell Karl Subban is hit by Drew Fata and loses puck.
15:25 of 3rd period - Penalty to Evgeny Grachev is over, Evgeny Grachev is back on ice.
15:34 of 3rd period - Johnny Oduya is hit by Maxim Talbot.
15:38 of 3rd period - Snap shot by B.J. Crombeen.
15:38 of 3rd period - Stopped by Semyon Varlamov with a rebound.
15:44 of 3rd period - Alex Chiasson is hit by Andrew Ladd and loses puck.
16:03 of 3rd period - Icing by Guillaume Latendresse.
16:04 of 3rd period - Kyle Turris wins face-off versus Antoine Vermette in Stars zone.
17:08 of 3rd period - Off-side.
17:09 of 3rd period - Brian Flynn wins face-off versus Bryan Little in neutral zone.
17:54 of 3rd period - Slapshot by Pernell Karl Subban.
17:54 of 3rd period - Stopped by Brian Elliott without a rebound.
17:55 of 3rd period - Alex Chiasson wins face-off versus Paul Stastny in Stars zone.
18:29 of 3rd period - Slapshot by Ian White.
18:29 of 3rd period - Shot Misses the Net.
18:31 of 3rd period - Slapshot by Antoine Vermette.
18:31 of 3rd period - Deflect By Mikkel Boedker.
18:31 of 3rd period - Shot Misses the Net.
18:31 of 3rd period - Puck is out of play.
18:32 of 3rd period - Antoine Vermette wins face-off versus Maxim Talbot in Avalanche zone.
18:58 of 3rd period - Brian Lee is hit by Bryan Little and loses puck.
19:09 of 3rd period - Wrist shot by Chuck Kobasew.
19:09 of 3rd period - Shot Misses the Net.
19:11 of 3rd period - Snap shot by Andrew Ladd.
19:11 of 3rd period - Stopped by Brian Elliott with a rebound.
19:13 of 3rd period - Snap shot by Bryan Little.
19:13 of 3rd period - Stopped by Brian Elliott with a rebound.
19:15 of 3rd period - Snap shot by Marc Staal.
19:15 of 3rd period - Deflect By Chuck Kobasew.
19:15 of 3rd period - Stopped by Brian Elliott without a rebound.
19:16 of 3rd period - Barry Trotz call a timeout for Stars.
19:16 of 3rd period - Michael Grabner wins face-off versus Chuck Kobasew in Stars zone.
19:37 of 3rd period - Stars, Brian Elliott is pulled from the net.
Goals for this period are 0 for Stars vs 1 for Avalanche.
Shots for this period are 7 for Stars vs 13 for Avalanche.